[Event "ESP-ch Teams Primera 2022"]
[Site "Sanxenxo Pontevedra"]
[Date "2022.09.23"]
[Round "7.6"]
[White "Buiza Prieto, Eihartze"]
[Black "Pablos Tenrero, Raquel"]
[Result "1-0"]
[ECO "A14"]
[WhiteElo "2080"]
[BlackElo "1985"]
[Annotator "TA"]
[PlyCount "209"]
[EventDate "2022.09.17"]
[EventType "team-tourn"]
[EventCountry "ESP"]
[SourceTitle "playchess.com"]
[Source "ChessBase"]
[SourceQuality "1"]
[TimeControl "5400+30"]

1. Nf3 Nf6 2. c4 e6 3. g3 d5 4. Bg2 Be7 5. O-O O-O 6. b3 Re8 7. Bb2 Nbd7 8. Qc2 {[#] A14: English Opening: 1...e6 with b3 by White.} Bd6 $146 (8... b6 $11) ({Predecessor:} 8... Bf8 9. d3 c6 10. Nbd2 e5 11. e3 b6 12. a3 a5 13. Bc3 Bb7 14. b4 a4 15. Bb2 b5 {1-0 (47) Markowski,T (2629)-Leniart,A (2439) Warsaw 2009}) 9. d4 b6 10. Nbd2 {White is slightly better.} (10. Ne5 {seems wilder.} Bb7 11. e3 Qe7 12. Rd1) 10... Bb7 11. Rac1 Rc8 12. Rfd1 Qe7 13. Ne5 c5 14. Nxd7 Nxd7 15. e4 (15. Qb1 {keeps more tension.} cxd4 16. Bxd4 Bc5 17. Bb2) 15... cxd4 16. exd5 exd5 17. Bxd4 Ba8 18. Re1 Qf8 (18... Qd8 $11 {remains equal.}) 19. Qf5 $1 $16 Bb4 20. Red1 {White is much more active.} (20. Qxd7 $16 Bxd2 21. Rxe8 Qxe8 22. Qxe8+ Rxe8 23. Rd1) 20... Qd6 21. Nf1 Qe6 22. Qxe6 fxe6 {[#]} 23. cxd5 $1 Bxd5 24. Bxd5 exd5 25. Ne3 Rxc1 26. Rxc1 Bc5 27. Bxc5 Nxc5 {[%mdl 4096] Endgame KRN-KRN} 28. Rd1 Kf7 29. Kf1 Ne4 30. Nxd5 Re5 31. f3 Nc5 32. Kf2 Nb7 33. Nb4 Ke8 34. Rd2 Rc5 35. h4 Nd8 36. g4 Ne6 37. Kg3 Ke7 38. Nd5+ Kf7 39. Ne3 Ke7 {[#] Inhibits Rd7+.} (39... Ke8 $16 40. h5 Ke7 41. Nd5+ Kf7) 40. Nf5+ $1 $18 Kf6 41. Nd6 ({Better is} 41. Rd6 $18) 41... Ke7 42. g5 g6 43. Ne4 Ra5 44. Nf6 Nf8 {Inhibits Rd7+.} 45. f4 Kf7 (45... h5 {might work better.} 46. Ng8+ Kf7) 46. Rc2 {Rc7+ is the strong threat.} h6 $2 (46... h5 47. Rc7+ Ke6 48. Rc6+ Ke7 49. Ng8+ Kd8) 47. Rc7+ Ke6 48. a4 {Strongly threatening Rc6+.} hxg5 49. hxg5 (49. fxg5 Rc5 50. Rxc5 (50. Rxa7 Rc3+ 51. Kf2 Rxb3 $18) 50... bxc5 $18) 49... Kf5 $2 (49... Rc5 50. Rxa7 Rc3+ 51. Kg4 Rxb3) 50. Ng4 Ne6 (50... Ke4 $142 51. Ne5 Rc5) 51. Re7 Nxf4 52. Rf7+ $2 (52. b4) 52... Kxg5 {And now ...Ne2+ would win.} 53. Rxf4 {KRN-KR} b5 $2 (53... Rc5 54. Rf7 Rc3+ 55. Rf3 Rc1) 54. Nf2 $2 (54. Ne5 {Intending Nf7+ and mate.} Kh6 55. Nc6) 54... bxa4 55. bxa4 Kh6 56. Nd3 Rd5 57. Nb4 Ra5 (57... Rc5 {is a better defense.} 58. Rd4 Rg5+ 59. Kf4 Rc5) 58. Nc6 Ra6 59. Rc4 Kg7 60. Ne5 Re6 (60... Ra5 $142 61. Nc6 Ra6) 61. Rc7+ Kg8 $2 (61... Kf6 62. Ng4+ (62. Rxa7 Kxe5 63. Ra8 Kd4 $11) 62... Kf5 63. Rxa7 Ke4) 62. Nc6 {Black must now prevent a5.} a6 (62... a5 $142 63. Kf4 Kf8) 63. a5 Kf8 64. Kf4 Ke8 65. Nd4 g5+ 66. Kf5 (66. Kxg5 $142 Re7 67. Rxe7+ Kxe7 68. Nb3 Kd7 69. Kf5 (69. Nc5+ Kc6 $11) 69... Kd6 70. Ke4 Kc6 71. Kd4) 66... Rd6 67. Ke5 Rh6 68. Rc6 Rh1 69. Rxa6 Ra1 70. Nb3 Ra3 71. Rb6 g4 72. Kf4 Ra4+ 73. Kg3 {aiming for a6.} Kd8 74. Rb5 {Threatens to win with Nc5.} Kc7 75. Nd2 Kc6 76. Re5 Kd6 77. Rg5 Kc6 78. Kf2 Kb7 79. Nb3 {Threatening mate with Nc5+.} Ra3 (79... Rb4 $142 80. Nc5+ Kc6) 80. Nc5+ Ka7 $2 (80... Kc6 81. Na6 (81. Rxg4 Kxc5 82. Rg7 Rxa5 $11) 81... Rf3+ 82. Kg2 Rb3 83. Rg6+ (83. Rxg4 Kb5 $14) 83... Kd5 84. Rxg4 Rb2+ 85. Kf3 Rb1) 81. Rg7+ Ka8 82. a6 Ra5 83. Rg5 {Hoping for Ke3.} Ka7 84. Ke3 Kb6 85. Kd4 Rb5 86. Rg6+ Ka7 87. Rg7+ Ka8 88. Kc4 Ra5 89. Rxg4 Ka7 90. Rg7+ Ka8 91. Kb4 Ra1 92. Na4 Rb1+ 93. Ka5 Ra1 94. Kb5 Rb1+ 95. Kc6 Rc1+ 96. Nc5 Rh1 97. Rd7 Rb1 98. Rg7 Rh1 $1 99. Nb3 {Against Ra1. White mates.} Rb1 100. Rg3 Ka7 101. Kb5 Rh1 102. Rg7+ Ka8 103. Nd4 Rb1+ 104. Kc5 Rc1+ 105. Kb6 {Weighted Error Value: White=0.35/Black=0.42} 1-0

[Event "ESP-ch Teams Primera 2022"]
[Site "Sanxenxo Pontevedra"]
[Date "2022.09.23"]
[Round "7.7"]
[White "Vallejo Pons, Francisco"]
[Black "Cordova, Emilio"]
[Result "1-0"]
[ECO "B62"]
[WhiteElo "2711"]
[BlackElo "2550"]
[Annotator "TA"]
[PlyCount "190"]
[EventDate "2022.09.17"]
[EventType "team-tourn"]
[EventCountry "ESP"]
[SourceTitle "playchess.com"]
[Source "ChessBase"]
[SourceQuality "1"]
[TimeControl "5400+30"]

1. e4 c5 2. Nf3 Nc6 3. Nc3 d6 4. d4 cxd4 5. Nxd4 Nf6 6. Bg5 e6 7. Qd3 Bd7 {[%emt 0:01:55] outshines the older 7...a6. B62: Sicilian: Richter-Rauzer: 6...e6: Unusual White 7th moves.} 8. O-O-O a6 {[%emt 0:01:26] Prevents Ndb5.} 9. Qg3 Nxd4 {[%emt 0:05:10] The position is equal.} 10. Rxd4 Qa5 {[%emt 0:00:21] Prevents e5.} 11. f4 {[%emt 0:19:48] [#]} Rc8 $146 ({Better is} 11... Qc5 $14 12. Rd1 h6) ({Predecessor:} 11... Bc6 12. Be2 e5 13. fxe5 Qxe5 14. Qe3 Be7 15. Bf4 Qc5 16. Rhd1 O-O 17. Qg3 Rfe8 {1-0 (60) Hearst,E-Kaufman,A New York 1955}) 12. e5 (12. Be2 $16) 12... dxe5 $14 13. fxe5 Nd5 14. Nxd5 exd5 15. Kb1 Be6 16. Bd3 Bc5 {[%emt 0:17:41] [#]} 17. Bd2 $1 Qb6 (17... Qxd2 $2 18. Bb5+ $1 axb5 19. Rxd2 $18) 18. Rh4 {[%emt 0:01:40] White is more active.} (18. Ra4 $5 ) 18... g6 19. Rf1 Rc6 20. Qe1 Bd4 21. c3 Bc5 22. Bg5 h5 23. Bf6 $1 Rg8 24. Bc2 Qc7 25. Qd2 ({White should play} 25. Bb3 $16) 25... Be7 $1 26. Ba4 $36 {[%emt 0:04:32][%mdl 2048] White has good play.} b5 27. Bb3 Bxf6 28. exf6 Bf5+ (28... Rc5 $16) 29. Bc2 (29. Ka1 $18 {has better winning chances.}) 29... Bxc2+ (29... Be6 $16) 30. Kxc2 $18 Kd8 (30... Rd6 $16) 31. Re4 $1 {[%emt 0:01:58] And now Re7 would win.} ({Resist} 31. Qxd5+ $6 Kc8 $16) 31... Qd6 32. Rd4 Kc8 33. Rxd5 Qxh2 (33... Qe6 $142 34. Rd1 Kb7) 34. Rd1 Kb8 $2 (34... Qc7 {is tougher.} 35. Rd7 Qe5) 35. Rd7 Qe5 36. Qf2 {[%emt 0:00:53] Intending Qa7+ and mate.} Qf5+ 37. Qxf5 gxf5 38. Rxf7 Rxg2+ {[%emt 0:00:24][%mdl 4096] Endgame KRR-KRR} (38... Kc8 $142 39. Kb3 (39. Rg7 Rxg7 40. fxg7 Rg6 $11) 39... Rc7 40. Rxc7+ Kxc7) 39. Kb3 Rg8 {[%emt 0:00:19] Inhibits Rd8+.} 40. Rd5 $2 (40. Rdd7 {aiming for Rb7+.} Re8 41. Rfe7) 40... h4 41. Rxf5 (41. Rdd7 $142 {Threatens to win with Rb7+.} Rh8 42. Rb7+ Kc8 43. Ra7) 41... Rh8 42. Re7 {[%emt 0:00:35] Hoping for f7.} h3 $2 (42... Rc7 43. Re2 Rhh7) 43. f7 Rcc8 44. Rf1 $1 h2 {[%emt 0:00:06] [#]} 45. Rh1 $1 {[%emt 0:00:06] Black must now prevent Re2.} Rh4 46. Re8 Rf4 47. Rxh2 Rxf7 {[%emt 0:00:04] [#]} 48. Re6 $1 a5 49. Rh5 Rb7 50. Ree5 b4 51. c4 a4+ 52. Kxa4 Rxc4 53. Rb5 Rc2 54. Kb3 Rg2 55. Rxb7+ Kxb7 {[%emt 0:00:02] KR-KR} 56. Rb5+ Ka6 57. Rxb4 Rg3+ {[%emt 0:00:13] White mates.} 58. Ka4 Rg2 59. a3 Rh2 60. Kb3 Ka5 61. Ka2 Rg2 62. Re4 Rh2 63. Rf4 Rg2 64. Re4 Rh2 65. a4 Rh1 66. b3 Rg1 67. Ka3 Ra1+ 68. Kb2 Rh1 69. Re5+ Kb6 70. Rf5 Kc6 71. Ka3 Kb6 72. Rf6+ Kc5 73. b4+ Kd5 74. Rf5+ Kc6 75. Rc5+ Kb7 76. Kb3 Ka6 77. Rc6+ Kb7 78. Re6 Kc7 79. a5 Kb7 80. Rf6 Ka7 81. Rd6 Kb7 82. Rg6 Kc7 83. Ka4 Kb7 84. Rg7+ Kb8 85. a6 Rh5 86. Re7 Ka8 87. Rf7 Rg5 88. b5 Rg8 89. Ka5 Rh8 90. Rg7 Rf8 91. Rh7 Rg8 92. Rd7 Rb8 93. Rd5 Rh8 94. b6 Rg8 95. a7 Rf8 {[%emt 0:04:27] Weighted Error Value: White=0.32/Black=0.33} 1-0

[Event "ESP-ch Teams Primera 2022"]
[Site "Sanxenxo Pontevedra"]
[Date "2022.09.23"]
[Round "7.8"]
[White "Krysa, Leandro"]
[Black "Narayanan.S.L"]
[Result "0-1"]
[ECO "D38"]
[WhiteElo "2535"]
[BlackElo "2657"]
[Annotator "TA"]
[PlyCount "72"]
[EventDate "2022.09.17"]
[EventType "team-tourn"]
[EventCountry "ESP"]
[SourceTitle "playchess.com"]
[Source "ChessBase"]
[SourceQuality "1"]
[TimeControl "5400+30"]

1. d4 Nf6 2. c4 e6 3. Nf3 d5 4. Nc3 Bb4 5. Qa4+ Nc6 6. a3 Bxc3+ 7. bxc3 h6 {D38: Queen's Gambit Declined: Ragozin Defence (4 Nf3 Bb4).} 8. cxd5 exd5 9. e3 O-O {[#] The position is equal.} 10. c4 $146 ({Predecessor:} 10. Bd3 Bg4 11. Nd2 Ne7 12. Qb5 b6 13. a4 Bf5 14. Ba3 c6 15. Qb1 Bxd3 16. Qxd3 {½-½ (43) Kortschnoj,V (2671)-Landenbergue,C (2434) Switzerland 2003}) 10... Be6 11. Rb1 Rb8 12. Bd3 dxc4 13. Bxc4 Bf5 14. Rb2 a6 15. Ba2 Ne4 16. Bd2 {Inhibits Nc3.} Qf6 {Threatens to win with ...Nc5.} 17. Bb4 {Against Nc5} Nxb4 18. Qxb4 b5 {[%cal Oc7c5] next ...c5! is good for Black.} 19. O-O c5 20. dxc5 {[#]} Nxc5 $1 {[%cal Be4c5,Bc5e4,Be4c3][%mdl 32] Hoping for ...Nd3.} 21. Rd2 Rbc8 22. Rfd1 $2 {[%mdl 8192] White does not recover from this.} (22. Qd4 $11 {and White has nothing to worry.}) 22... Ne4 $19 23. Rb2 (23. Nd4 {was called for.} Nxd2 24. Qxd2) 23... a5 {Black is clearly winning.} 24. Qd4 Rfd8 25. Rxb5 Rxd4 26. Nxd4 Bg6 27. Rb2 Nc3 28. Ra1 Bd3 29. Re1 {[#]} Ne2+ $1 30. Rbxe2 Bxe2 31. h3 Bc4 32. Bb1 a4 33. Bf5 Be6 34. Bc2 {[#]} Rxc2 $1 35. Nxc2 Qc3 36. Re2 Bc4 {Weighted Error Value: White=0.63/Black=0.10 (very precise)} 0-1

[Event "ESP-ch Teams Primera 2022"]
[Site "Sanxenxo Pontevedra"]
[Date "2022.09.23"]
[Round "7.9"]
[White "Fier, Alexandr"]
[Black "Ushenina, Anna"]
[Result "1-0"]
[ECO "C48"]
[WhiteElo "2583"]
[BlackElo "2439"]
[Annotator "TA"]
[PlyCount "139"]
[EventDate "2022.09.17"]
[EventType "team-tourn"]
[EventCountry "ESP"]
[SourceTitle "playchess.com"]
[Source "ChessBase"]
[SourceQuality "1"]
[TimeControl "5400+30"]

1. e4 e5 2. Nf3 Nf6 3. Nc3 Nc6 4. Bb5 Nd4 5. Bc4 Bc5 6. Nxe5 Qe7 {[%emt 0:00:22] C48: Four Knights: 4 Bb5, replies other than 4...Bb4.} 7. Nf3 (7. Bxf7+ Kf8 8. Nd3 (8. f4 $2 d6 $19) 8... Kxf7 $17) (7. Nxf7 Rf8 8. O-O b5 9. Nxb5 (9. Nd5 Nxd5 10. Bxd5 c6 $11) 9... Nxb5 $11) 7... d5 {[%emt 0:22:37][%mdl 64] Decoy} ({Not} 7... Nxe4 8. Nd5 Nxf3+ 9. gxf3 $16 (9. Qxf3 Ng5+ 10. Qe3 Qxe3+ 11. Nxe3 O-O $11)) 8. Nxd5 Qxe4+ {[%emt 0:23:46] The position is equal.} 9. Ne3 {[%emt 0:01:39][%cal Oc4f7] Hoping for Bxf7+!} Bg4 10. Be2 Nxe2 11. Qxe2 O-O-O 12. d3 Bxf3 13. Qxf3 Qxf3 14. gxf3 Rhe8 15. Rg1 g6 16. Kf1 Nd5 17. Nxd5 Rxd5 18. Rg5 f5 {[%emt 0:01:35] White must now prevent ...Rde5.} 19. f4 {[%emt 0:00:07] Prevents Rde5.} Rd6 20. Bd2 {[%emt 0:00:20] [#]} Rb6 $146 ({Predecessor:} 20... Bd4 21. c3 Bf6 22. Rg3 a5 23. Re1 Rxe1+ 24. Kxe1 a4 25. Kd1 b5 26. Kc2 Re6 {1-0 (56) Horvath,D (2483)-Paravyan,D (2617) Chess.com INT 2022}) 21. Rb1 Ra6 22. a3 Rae6 23. Re1 {[%emt 0:00:10] Inhibits Re2.} Rxe1+ 24. Bxe1 $14 {[%emt 0:00:03][%mdl 4096] Endgame KRB-KRB} Re6 25. Rg3 Bd4 26. c3 $1 Bc5 27. Bd2 Rb6 28. b4 Be7 29. Ke2 Kd7 30. Rh3 h5 31. Rg3 Ra6 32. Bc1 $1 b5 33. Kd2 Re6 34. Kd1 Rc6 35. Kc2 Bh4 36. Rg2 Bf6 37. Bd2 Bg7 38. Kb3 a6 39. Rg1 Rd6 40. Kc2 Re6 41. Be3 Rc6 42. d4 Kc8 43. Kd3 Bf8 (43... Kd7 $16) 44. Ra1 (44. d5 $18 Rf6 45. Bd4) 44... a5 45. Bd2 (45. bxa5 $16 {a4 is the strong threat.} Ra6 46. Rg1) 45... Ra6 $1 46. Re1 {[%emt 0:00:12] Strongly threatening Re8+.} Kd7 {[%emt 0:00:15] Against Re8} 47. Re5 axb4 48. axb4 Rb6 49. Re1 Ra6 {[%emt 0:00:13] Against Ra1} 50. Rg1 Be7 51. Be3 Bf8 {[%emt 0:00:43] [#]} ({Better is} 51... Ke8 $14) 52. Kc2 (52. d5 $1 $16) 52... Be7 (52... Ke7 $14) 53. Kb3 Bf8 54. d5 Bh6 (54... Be7 $16 55. Bd4 Ke8) 55. c4 $18 bxc4+ 56. Kxc4 Bf8 57. Kb5 Ra2 58. Rxg6 Rb2 {[%emt 0:00:04] [#]} 59. Rf6 (59. Kc4 $1 $18) 59... Bxb4 (59... Rxb4+ $11 {and Black is okay.} 60. Ka5 Rb8) 60. Kc4 Be7 (60... Be1 {might work better.} 61. Rf7+ (61. Rxf5 Bxf2 62. Bxf2 Rxf2 $16) 61... Kd8) 61. Rxf5 h4 62. Rf7 {[%emt 0:00:27] aiming for Bc5.} Ke8 63. Rh7 Rb1 64. Kd4 Rh1 (64... Ra1 {was called for.} 65. h3 Ra7) 65. Ke5 Ra1 66. Bd4 Ra6 67. Kf5 {[%emt 0:00:10] Inhibits Bf6.} Ra5 $2 (67... c6 68. d6 Bxd6 69. Rxh4 Bf8) 68. Be5 Bd8 69. Ke6 Ra6+ 70. d6 {[%emt 0:00:05] Weighted Error Value: White=0.13 (very precise) /Black=0.17 (very precise)} 1-0

[Event "ESP-ch Teams Primera 2022"]
[Site "Sanxenxo Pontevedra"]
[Date "2022.09.23"]
[Round "7.10"]
[White "Ladron De Guevara Pinto, Paolo"]
[Black "Adla, Diego"]
[Result "0-1"]
[ECO "C11"]
[WhiteElo "2429"]
[BlackElo "2393"]
[Annotator "TA"]
[PlyCount "134"]
[EventDate "2022.09.17"]
[EventType "team-tourn"]
[EventCountry "ESP"]
[SourceTitle "playchess.com"]
[Source "ChessBase"]
[SourceQuality "1"]
[TimeControl "5400+30"]

1. e4 e6 2. d4 d5 3. Nc3 Nf6 4. e5 Nfd7 5. Nce2 c5 6. c3 Nc6 7. a3 cxd4 {C11: French: Classical System: 4 e5 and 4 Bg5 dxe4.} 8. cxd4 {[#]} f6 $146 ({Predecessor:} 8... a5 9. Nf3 b5 10. h4 h6 11. Nf4 b4 12. a4 Ba6 13. b3 Bxf1 14. Kxf1 Rc8 15. Rh3 {1-0 (47) Bosagh Zadeh,A (2215)-Joodaki,S (1955) Chess.com INT 2021}) 9. exf6 (9. Nf4 {is more complex.} fxe5 10. Nxe6 Qb6 11. Bb5) 9... Qxf6 {The position is equal.} 10. f4 {Prevents e5.} Bd6 11. Nf3 O-O 12. Be3 Nb6 13. b3 (13. Ng3 $15) 13... a5 {Black has more active pieces. The white rooks are badly placed.} (13... Bd7 $17) 14. Ne5 Qe7 15. a4 g5 ({Black should try} 15... Nd7 $17 16. Nd3 b6) 16. g3 $15 gxf4 17. Bxf4 (17. gxf4 $15 Qh4+ 18. Kd2) 17... Bb4+ $19 18. Kf2 Nd7 (18... Nxe5 $19 19. dxe5 Qg7) 19. Kg2 (19. Bh3 $17) 19... Ndxe5 20. dxe5 Qg7 {Prevents Bh6.} 21. Qc1 {Prevents Bc5.} (21. h3) 21... Rf5 22. h4 Bd7 ({Avoid the trap} 22... Nxe5 $2 23. Nd4 Rf7 24. Bxe5 Qxe5 25. Nf3 $19) 23. Ra2 (23. Rg1 $142) 23... Raf8 24. Kh2 Nxe5 25. Bxe5 Rf2+ 26. Bg2 Qxe5 27. Qg5+ Qxg5 28. hxg5 e5 {[%cal Be6e5,Be5e4][%mdl 32] [#] And now ...Bg4 would win.} 29. Nc1 e4 {aiming for ...Bg4.} 30. Rd1 Be6 31. Kg1 Bc5 32. Kh1 b6 33. Re1 Rxa2 34. Nxa2 Rf2 35. Nc3 Rc2 36. Nb5 Bg4 37. Nc7 Bb4 {A strong pair of Bishops.} 38. Nxd5 Bxe1 39. Nf6+ Kg7 {( -> ...Bf3)} 40. Nxg4 {[%mdl 4096] Endgame KRB-KBN} Rc3 41. Bxe4 Rxg3 42. Bf5 (42. Nf6 $142 Rxb3 43. Bd5 Rh3+ 44. Kg1) 42... Bd2 43. Be6 Bxg5 44. Nf2 Re3 45. Bc4 Be7 46. Kg2 Bc5 47. Ng4 Re7 48. Nh2 Kf6 49. Kf3 Kg5 50. Nf1 Kf5 51. Ng3+ Ke5 {White must now prevent ...Rg7.} 52. Kg4 Rg7+ 53. Kf3 Rg5 {Threatens to win with ...h5.} 54. Bf7 Rg7 55. Bc4 Rg6 {Black is clearly winning.} 56. Bd3 Rf6+ 57. Kg4 Rf7 {...Rf4+ is the strong threat.} 58. Nh5 (58. Ne2 $142) 58... Kd4 59. Bc4 Rf2 60. Nf4 Kc3 61. Nd5+ Kb2 62. Nf4 Ka3 63. Ne2 Bd6 64. Nc3 Be5 (64... Rf4+ $142 65. Kg5 {[#]} Rxc4 $1 66. bxc4 Kb4) 65. Nd5 Bd4 66. Nc7 Bc5 67. Ne6 Rb2 {Weighted Error Value: White=0.56/Black=0.20 (precise)} 0-1

[Event "ESP-ch Teams Primera 2022"]
[Site "Sanxenxo Pontevedra"]
[Date "2022.09.23"]
[Round "7.11"]
[White "Quintin Navarro, Alberto"]
[Black "Alshameary Puente, Ismael"]
[Result "1-0"]
[ECO "E04"]
[WhiteElo "2372"]
[BlackElo "2332"]
[Annotator "TA"]
[PlyCount "103"]
[EventDate "2022.09.17"]
[EventType "team-tourn"]
[EventCountry "ESP"]
[SourceTitle "playchess.com"]
[Source "ChessBase"]
[SourceQuality "1"]
[TimeControl "5400+30"]

1. Nf3 d5 2. d4 Nf6 3. c4 e6 4. g3 dxc4 5. Bg2 a6 6. O-O Nc6 7. Nc3 Rb8 8. e4 Be7 9. d5 exd5 10. exd5 Nb4 {E04: Open Catalan: 5 Nf3.} 11. Ne5 Bf5 12. Nxc4 {Nowadays more popular than 12.a3.} Bd3 {The position is equal.} 13. b3 Bxf1 14. Kxf1 a5 $1 15. a3 Na6 16. Nxa5 {[#]} Nc5 $146 (16... O-O $11) ({Predecessor:} 16... O-O 17. b4 Ne8 18. Be3 Bf6 19. Rc1 Bxc3 20. Rxc3 Nd6 21. Qd3 Qd7 22. Kg1 Rfe8 {½-½ (60) Mueller,N (2375)-Vogel,R (2447) Germany 2022}) 17. Bf4 {[%mdl 1024] White has strong compensation.} O-O 18. b4 $36 {[%mdl 2048] White is on the roll.} Na6 19. Nc4 {White is much more active.} Qd7 20. Qd3 ({White should try} 20. Kg1 $16) 20... Rfd8 (20... Bd6 $14) 21. Re1 Nh5 (21... Re8 $16) 22. Be3 $1 $18 Bf6 23. Ne4 {Black must now prevent Qe2.} Qb5 (23... g6 {keeps fighting.} 24. Nxf6+ Nxf6) 24. Nxf6+ $2 (24. g4 $18 Rxd5 25. Qe2) 24... Nxf6 $14 25. Bg5 {Hoping for Bxf6. This bishop pair is nice.} Re8 (25... Rxd5 $11 {was preferrable.} 26. Bxd5 Nxd5) 26. Bxf6 Rxe1+ 27. Kxe1 gxf6 28. Qc3 Re8+ 29. Ne3 Qb6 (29... Nb8 $11) 30. Kf1 $1 $16 Nb8 $1 31. Bh3 Qd6 32. Qd4 Qe5 33. Qd2 (33. Qg4+ $16 Kh8 34. Qh4) 33... Qe4 $11 34. Kg1 {Inhibits Qh1+.} Qb1+ 35. Nf1 Qe1 36. Qf4 Qe5 37. Qf3 Qa1 (37... Qe4 $11 38. Qxf6 Qxd5) 38. Bf5 (38. b5 $1 $16) 38... h6 {[#]} (38... Re1 $1 $11 39. Bh3 Qd4) 39. Kg2 $1 $16 Kf8 40. Qf4 Kg7 (40... Qxa3 $16 41. Ne3 (41. Qxc7 Qxb4 42. Qc1 Kg7 $11) (41. Qxh6+ Ke7 $16) 41... Qc3) 41. Ne3 $18 (41. Qxc7 $6 Qe5 42. Qxe5 fxe5 $14) 41... Qe5 42. Qh4 c6 (42... Kf8 {might work better.} 43. Qxh6+ Ke7) 43. Bc2 {Nf5+ is the strong threat.} Qg5 44. Nf5+ Kf8 (44... Kh8 $142 45. Qc4 (45. Nxh6 Qxh4 46. gxh4 Re2 $11) (45. Qxh6+ Qxh6 46. Nxh6 Re2 $11) 45... Rd8 46. dxc6 Nxc6 47. Qxf7 Ne5 48. Qxb7 Qg8) 45. Qd4 {Threatens to win with h4.} Re5 46. h4 (46. Qa7 Rxf5 47. Bxf5 (47. Qxb8+ Kg7 $14) (47. Qxb7 Rxd5 48. Qxb8+ Kg7 $15) 47... Qxf5 $14) 46... Qc1 47. dxc6 Qxc2 48. Qd8+ (48. Qd6+ $142 Kg8 49. c7 (49. Qxb8+ Kh7 $11) 49... Qe4+ 50. Kh2 Rxf5 51. cxb8=Q+ Kh7 52. Qd2) 48... Re8 {[#]} 49. c7 ({Wrong is} 49. Qxf6 $2 Qxc6+ 50. Qxc6 Nxc6 $19) 49... Qc6+ 50. Kh2 $2 (50. Kg1 Nd7 51. b5) 50... Na6 (50... Nd7) 51. c8=Q Qxc8 52. Qd6+ {Weighted Error Value: White=0.39/Black=0.46} 1-0

[Event "ESP-ch Teams Primera 2022"]
[Site "Sanxenxo Pontevedra"]
[Date "2022.09.23"]
[Round "7.12"]
[White "Calzetta Ruiz, Monica"]
[Black "Vega Gutierrez, Sabrina"]
[Result "0-1"]
[ECO "B30"]
[WhiteElo "2227"]
[BlackElo "2395"]
[Annotator "TA"]
[PlyCount "74"]
[EventDate "2022.09.17"]
[EventType "team-tourn"]
[EventCountry "ESP"]
[SourceTitle "playchess.com"]
[Source "ChessBase"]
[SourceQuality "1"]
[TimeControl "5400+30"]

1. e4 c5 2. Nf3 Nc6 3. Nc3 Nf6 4. Bb5 g6 5. e5 Ng4 6. Bxc6 dxc6 7. h3 Nh6 8. O-O Bg7 9. d3 O-O 10. Re1 Nf5 11. Ne4 {B30: Sicilian: 2...Nc6 3 Bb5, lines without ...g6.} b6 12. c3 Ba6 13. g4 {The position is equal.} Nh6 14. c4 f5 {[#]} 15. Neg5 $146 ({Predecessor:} 15. g5 fxe4 16. gxh6 Rxf3 17. hxg7 Qxd3 18. Qxd3 exd3 19. b3 Kxg7 20. Bg5 Re8 21. Kg2 {0-1 (38) Castany Vilaseca,L-Ochoa de Echaguen,F (2410) Catalunya 1996}) 15... Qd7 {Prevents Ne6. Strongly threatening ...Rad8.} 16. Nxh7 $2 Kxh7 $19 17. g5 Nf7 (17... Ng8 $19 {is more deadly. aiming for ...Rad8.} 18. h4 Rad8) 18. e6 $17 {[#]} Qd6 19. exf7 Rad8 $36 {[%cal Oa6c4][%mdl 2048] And now ...Bxc4! would win. Black is on the roll.} ({Don't play} 19... Rxf7 $6 20. h4 $11) 20. Bd2 Qxd3 ({Much worse is} 20... Rxf7 $6 21. Bc3 $11) 21. Rxe7 $2 (21. Bc3 $17 {only move.}) 21... Bxc4 $19 22. h4 $2 (22. Re3 {keeps fighting.} Qd5 23. Qe1) 22... Rxf7 23. Re3 Qd6 24. h5 f4 ({Don't go for} 24... Bxb2 $2 25. Qc2 Bxa1 26. Qxc4 $19) 25. Nh4 (25. Re1 $142 Bxb2 26. Rb1) 25... fxe3 26. hxg6+ Kg8 27. gxf7+ Bxf7 {[#] ( -> ...exf2+). A strong pair of Bishops.} 28. fxe3 Qg3+ 29. Ng2 Bd5 30. Qe2 Qxg2+ (30... Be5 $142 31. e4 Qh2+ 32. Kf2 Rf8+ 33. Bf4 Rxf4+ 34. Ke1 Rxe4 35. Qxe4 Bxe4 36. Rd1 Qh1+ 37. Kf2 Qxg2+ 38. Ke3 Qf3+ 39. Kd2 Qf2+ 40. Kc1 Bxb2#) 31. Qxg2 {Black is clearly winning.} Bxg2 32. Bc3 Bf3 {Hoping for ...Bxc3.} 33. Kf2 Rd1 34. Rxd1 Bxd1 35. Kg3 Bxc3 36. bxc3 Kf7 37. Kf4 Ke6 {Weighted Error Value: White=1.29/Black=0.81} 0-1

[Event "ESP-ch Teams Primera 2022"]
[Site "Sanxenxo Pontevedra"]
[Date "2022.09.23"]
[Round "7.13"]
[White "Espinosa Aranda, Angel"]
[Black "Alsina Leal, Daniel"]
[Result "0-1"]
[ECO "B51"]
[WhiteElo "2428"]
[BlackElo "2525"]
[Annotator "TA"]
[PlyCount "104"]
[EventDate "2022.09.17"]
[EventType "team-tourn"]
[EventCountry "ESP"]
[SourceTitle "playchess.com"]
[Source "ChessBase"]
[SourceQuality "1"]
[TimeControl "5400+30"]

1. e4 c5 2. Nf3 d6 3. Bb5+ Nd7 4. a4 Ngf6 5. Nc3 g6 6. a5 {[%emt 0:00:40] B51: Sicilian: Moscow Variation (3 Bb5+) without 3...Bd7.} Bg7 7. O-O a6 8. Bc4 {[%emt 0:00:20][%cal Oc4f7] [#] Black must now prevent Bxf7+! White has an edge.} O-O 9. d3 Nb8 10. e5 Ne8 11. exd6 Nxd6 12. Nd5 Nc6 13. Re1 {[%emt 0:13:20] [#]} Re8 $146 ({Predecessor:} 13... Be6 14. Bb3 Bxd5 15. Bxd5 Nxa5 16. Qd2 Nc6 17. Bxc6 bxc6 18. Qa5 Qxa5 19. Rxa5 Nb7 {½-½ (32) Baltag,I (2405)-Miron,L (2507) Targu Mures 2021}) 14. Nb6 Rb8 15. Qd2 Nxc4 16. Nxc4 e5 17. Qg5 (17. Qd1 $1 $11) 17... f6 18. Qe3 Nd4 ({Better is} 18... Be6 $17 {aiming for ...Bxc4.} 19. Nb6 {[#]} Nxa5 $1 20. Qxc5 Nc6) 19. Nxd4 $11 cxd4 20. Qg3 Qc7 21. b3 Bf5 22. Ba3 Rbd8 {[%emt 0:00:08] Inhibits Bd6.} 23. Bb4 Qc6 24. f3 Bh6 25. Qf2 Be6 26. Bd2 Bf8 27. Ra4 Bd5 28. Ra2 Bc5 29. Kh1 Ba7 30. Raa1 Bb8 31. Bb4 Bc7 32. Bd2 Re6 33. Rf1 Rde8 34. Rae1 f5 35. Re2 Qc5 36. c3 (36. Rb1 $15 {should be considered.}) 36... Bc6 {[%emt 0:02:39] Black is more active.} (36... Bxc4 $17 37. bxc4 Qd6) 37. Rfe1 Qd5 (37... Bxa5 $2 38. cxd4 Qb5 39. Bxa5 $18) 38. cxd4 e4 (38... exd4 $11 {is more appropriate.} 39. Rxe6 Rxe6) 39. dxe4 (39. fxe4 $14 fxe4 40. dxe4 Rxe4 41. Rxe4 Rxe4 42. Rf1) 39... fxe4 40. fxe4 Rxe4 $40 {[%emt 0:00:20][%mdl 128] Black mounts an attack.} 41. Ne5 $2 (41. Rxe4 $11 {and White stays safe.} Rxe4 42. Rf1) 41... R8xe5 $19 {[%emt 0:01:17] Black is clearly winning.} 42. dxe5 Qxe5 43. Bf4 Qxf4 44. Qxf4 Rxf4 45. h3 Bxa5 46. Rd1 Bb6 47. Kh2 Rf2 48. Rxf2 Bxf2 49. b4 Bh4 50. Rd4 Bf6 51. Rc4 Be5+ 52. Kg1 h5 {[%emt 0:00:37] Weighted Error Value: White=0.25 (precise) /Black=0.13 (very precise)} 0-1